 Dungeon Crawl Stone Soup version 0.29.1-1-gd02db6906a (webtiles) character file.

Game seed: 3681638929032474756

402 Freeverse the Vexing (level 6, -15/57 HPs)
             Began as a Troll Arcane Marksman on Oct 14, 2022.
             Killed by an exploding bullfrog skeleton (39 damage)
             ... ignited by their inner flame
             ... on level 4 of the Dungeon.
             The game lasted 00:10:09 (1328 turns).

Freeverse the Vexing (Troll Arcane Marksman)        Turns: 1328, Time: 00:10:10

Health: -15/57     AC:  4    Str: 21    XL:     6   Next: 55%
Magic:  0/6        EV: 10    Int: 15    God:
Gold:   73         SH:  0    Dex: 10    Spells: 0/7 levels left

rFire   . . .      SeeInvis .   a - +1 sling
rCold   . . .      Faith    .   (no shield)
rNeg    . . .      Spirit   .   c - +0 robe
rPois   .          Reflect  .   (helmet restricted)
rElec   .          Harm     .   (no cloak)
rCorr   .          Rampage  .   (gloves unavailable)
Will    .....                   (boots unavailable)
Stlth   +.........              (no amulet)
HPRegen 0.99/turn               j - +6 ring of intelligence
MPRegen 0.10/turn               (no ring)

@: no status effects
A: large, unfitting armour, claws 3, regeneration 1, shaggy fur 1, tough skin 1
a: no special abilities


You were on level 4 of the Dungeon.
You visited 1 branch of the dungeon, and saw 4 of its levels.

You collected 73 gold pieces.

Inventory:

Hand Weapons
 a - a +1 sling (weapon)
 i - a +2 long sword of protection
Armour
 c - a +0 robe (worn)
Jewellery
 j - a +6 ring of intelligence (left claw)
Scrolls
 b - a scroll of immolation {unknown}
 k - a scroll of enchant armour {unknown}
 l - 3 scrolls of butterflies {unknown}
Potions
 e - a potion of degeneration {unknown}
 f - a potion of curing {unknown}
 h - 2 potions of lignification {unknown}


   Skills:
 * Level 1.7 Fighting
 * Level 2.3 Long Blades
 * Level 2.0 Ranged Weapons
 * Level 1.1 Armour
 * Level 2.3 Dodging
 * Level 0.7 Stealth
 * Level 1.5 Unarmed Combat
 * Level 1.2 Spellcasting
 * Level 2.4 Hexes
 * Level 0.4 Translocations
 * Level 0.9 Fire Magic
 * Level 0.3 Evocations


You couldn't memorise any spells.
You knew the following spells:

 Your Spells              Type           Power      Damage    Failure   Level
a - Slow                  Hex            32%        N/A       9%          1
b - Inner Flame           Hex/Fire       6%         N/A       34%         3
c - Portal Projectile     Hex/Tloc       10%        N/A       38%         3

Your spell library contained the following spells:

 Spells                   Type           Power      Damage    Failure   Level
 Foxfire                  Conj/Fire      8%         2x1d4     21%         1
 Conjure Flame            Conj/Fire      2%         6-21      52%         3
 Cause Fear               Hex            4%         N/A       65%         4
 Flame Wave               Conj/Fire      2%         2d4       89%         4


Dungeon Overview and Level Annotations

Branches:
Dungeon (4/15)
 Temple: D:4-7

Altars:

Annotations:
D:4 bigdar's ghost, novice MiGl


Innate Abilities, Weirdness & Mutations

You are too large for most types of armour.
You have claws for hands.
Your natural rate of healing is unusually fast.
You are covered in fur. (AC +1)
You have tough skin. (AC +1)


Message History

Bigdar's ghost hits you!
There is an escape hatch in the ceiling here.
Fire: a) +1 sling
Press: ? - help, Q - select action, (/) - cycle Shift-Dir - straight line, f/p - bullfrog skeleton
Aim: a bullfrog skeleton (inner flame, 75% to hit)
You magically shoot a sling bullet.
The sling bullet hits the bullfrog skeleton but does no damage.
Bigdar's ghost hits you!
You are no longer teleporting projectiles to their destination.
The bullfrog skeleton closely misses you.
Bigdar's ghost hits you but does no damage.
The bullfrog skeleton attacks as you move away!
The bullfrog skeleton hits you. The bullfrog skeleton hits you.
Fire: a) +1 sling
Press: ? - help, Q - select action, (/) - cycle Shift-Dir - straight line, f/p - bullfrog skeleton
Aim: a bullfrog skeleton (inner flame, 75% to hit)
You shoot a sling bullet.
The sling bullet hits the bullfrog skeleton.
Flame seeps out of the bullfrog skeleton.
The bullfrog skeleton is lightly damaged.
The bullfrog skeleton is engulfed in blazing flames.
Flame seeps out of the bullfrog skeleton.
The bullfrog skeleton hits you. Bigdar's ghost hits you.
Fire: a) +1 sling
Press: ? - help, Q - select action, (/) - cycle Shift-Dir - straight line, f/p - bullfrog skeleton
Aim: a bullfrog skeleton (flame, heavily damaged, inner flame, 75% to hit)
You shoot a sling bullet.
The sling bullet completely misses the bullfrog skeleton.
The bullfrog skeleton is engulfed in blazing flames.
Flame seeps out of the bullfrog skeleton.
The bullfrog skeleton hits you. Bigdar's ghost closely misses you.
The bullfrog skeleton is engulfed in blazing flames.
The bullfrog skeleton explodes!
The fiery explosion engulfs bigdar's ghost!
Bigdar's ghost resists.
Bigdar's ghost is moderately damaged.
The fiery explosion engulfs you!!!
Ouch! That really hurt!
You die...

.......#...............>.........
#.....###..............#.........
.......#................#........
##'''###....................###'#
..ZZ............<................
..ZZW...............####........#
...............§§§####...........
...............§°W# #...........
)..............§@.# #...........
...........####...# #.......##..
######.....# #...# #.......##..
#.....# #...# #.......##..
#.....# #...# ######.###..
#.....# ##### #.###.. #.....#
#...... #.....# #####.# #.....#
#.#


You could see bigdar's ghost.

Vanquished Creatures
  A sky beast (D:4)
  A bullfrog zombie (D:4)
  Crazy Yiuf (D:4)
  A hound (D:4)
  A jelly (D:4)
  An orc priest (D:4)
  A bullfrog skeleton (D:4)
  2 iguanas (D:4)
  3 gnolls (D:4)
  An adder (D:4)
  A dart slug (D:1)
  9 orcs (D:4)
  6 ball pythons
  2 bats (D:1)
  4 endoplasms
  A giant cockroach (D:3)
  3 goblins (D:4)
  3 hobgoblins
  4 jackals (D:4)
  2 kobolds
  2 quokkas
  A frilled lizard (D:2)
  3 rats
54 creatures vanquished.

Vanquished Creatures (others)
  A fungus (D:4)
1 creature vanquished.

Grand Total: 55 creatures vanquished

Notes
Turn   | Place    | Note
-------+----------+-------------------------------------------
     0 | D:1      | Freeverse the Troll Arcane Marksman began the quest for the
                  | Orb.
     0 | D:1      | Reached XP level 1. HP: 18/18 MP: 1/1
    98 | D:1      | Reached XP level 2. HP: 26/26 MP: 2/2
   238 | D:1      | Reached skill level 1 in Fighting
   520 | D:4      | Reached XP level 3. HP: 33/33 MP: 1/3
   534 | D:4      | Learned a level 3 spell: Inner Flame
   575 | D:4      | Noticed a sky beast
   595 | D:4      | Killed a sky beast
   596 | D:4      | Reached skill level 1 in Long Blades
   596 | D:4      | Reached skill level 1 in Unarmed Combat
   596 | D:4      | Reached XP level 4. HP: 41/41 MP: 4/4
   636 | D:4      | Reached XP level 5. HP: 37/48 MP: 3/5
   671 | D:4      | Found a runed translucent door.
   672 | D:4      | Noticed Crazy Yiuf
   691 | D:4      | Killed Crazy Yiuf
   692 | D:4      | Reached skill level 1 in Armour
   830 | D:4      | Found a runed translucent gate.
   830 | D:4      | Found a runed translucent gate.
   836 | D:4      | Found a runed translucent gate.
   861 | D:4      | Reached XP level 6. HP: 39/55 MP: 6/6
   887 | D:4      | Noticed bigdar's ghost (novice MiGl)
   926 | D:4      | Learned a level 3 spell: Portal Projectile
  1328 | D:4      | Killed by an exploding bullfrog skeleton... ignited by
                  | their inner flame

Illustrated notes

Levels and vault maps discovered:
D:1:      saegor_arrival_simple_a, layout_loops_ring
D:2:      layout_basic, shapermc_ecumenical_altar_venn
D:3:      layout_loops_cross, uniq_natasha
D:4:      layout_basic, gammafunk_ghost_necromancy, grunt_ministairs_1,
          uniq_crazy_yiuf_cottage

Skill      XL: |  1  2  3  4  5  6 |
---------------+-------------------+-----
Fighting       | 1 |  1.7
Long Blades    | 1 2 |  2.3
Dodging        | 2 |  2.3
Unarmed Combat | 1 |  1.5
Armour         | 1 |  1.1
Ranged Weapons | 2 |  2.0
Stealth        | |  0.7
Spellcasting   | |  1.2
Hexes          | |  2.4
Translocations | |  0.4
Fire Magic     | |  0.9
Evocations     | |  0.3

Action                   |  1- 3 |  4- 6 || total
-------------------------+-------+-------++-------
Melee: Long sword        |    39 |    84 ||   123
       Punch             |       |     1 ||     1
 Fire: Sling             |    38 |    10 ||    48
 Cast: Slow              |     9 |     3 ||    12
       Portal Projectile |       |     2 ||     2
       Inner Flame       |       |     1 ||     1
Evoke: Wand              |       |     8 ||     8
  Use: Scroll            |     1 |     2 ||     3
       Potion            |     1 |     1 ||     2
Armor: Robe              |    34 |    44 ||    78
Dodge: Dodged            |    37 |    69 ||   106
